 Dungeon Crawl Stone Soup version 0.24.0-125-gc4c63601f3 (webtiles) character file.

Game seed: 12938195992644698784, levelgen mode: deterministic

2048 Divind the Ruffian (level 9, -3/64 HPs)
             Began as a Centaur Fighter on Mar 5, 2020.
             Slain by a hornet (10 damage)
             ... on level 7 of the Dungeon.
             The game lasted 00:13:48 (5500 turns).

Divind the Ruffian (Centaur Fighter)                Turns: 5500, Time: 00:13:49

Health: -3/64      AC: 10    Str: 23      XL:     9   Next: 4%
Magic:  0/9        EV:  7    Int:  7      God:
Gold:   149        SH: 10    Dex:  7 (8)  Spells: 8/8 levels left

rFire    . . .     SeeInvis .     - Unarmed
rCold    . . .     Gourm    .   b - +1 shield
rNeg     . . .     Faith    .   a - +0 scale mail
rPois    .         Spirit   +   (no helmet)
rElec    .         Reflect  .   (no cloak)
rCorr    .         Harm     .   g - +2 pair of gloves
MR       .....     Rnd*Rage +   (no barding)
Stlth    ..........             w - amulet of guardian spirit
HPRegen  0.60/turn              v - ring of ice
MPRegen  0.11/turn              r - ring of fire

@: lethally poisoned (-3 -> -3), slowed
A: large, hooves 3, berserk 1, deformed body, deterioration 1, speed 2, frail 1,
regeneration 1, tough skin 3
a: no special abilities


You were on level 7 of the Dungeon.
You were not hungry.

You visited 1 branch of the dungeon, and saw 7 of its levels.

You collected 358 gold pieces.
You spent 209 gold pieces at shops.

Inventory:

Armour
 a - a +0 scale mail (worn)
 b - a +1 shield (worn)
 g - a +2 pair of gloves (worn)
Jewellery
 h - an uncursed amulet of harm
 o - an uncursed ring of stealth
 r - a ring of fire (right hand)
 v - a ring of ice (left hand)
 w - an amulet of guardian spirit (around neck)
Wands
 C - a wand of random effects (27)
Scrolls
 f - a scroll of enchant armour
 i - a scroll of blinking {unknown}
 j - a scroll of noise {unknown}
 l - 9 scrolls of identify
 m - 4 scrolls of remove curse {unknown}
 n - a scroll of fog {unknown}
 q - a scroll of random uselessness {unknown}
 s - a scroll of magic mapping {unknown}
 t - 3 scrolls of fear {unknown}
 y - a scroll of enchant weapon {unknown}
 D - a scroll of teleportation {unknown}
Potions
 c - 3 potions of might
 e - 2 potions of haste
 k - a potion of brilliance
 p - 2 potions of agility
 u - 3 potions of curing
 x - 2 potions of degeneration {unknown}
 z - 2 potions of heal wounds
 A - a potion of flight {unknown}
 B - a potion of invisibility {unknown}
Comestibles
 d - 10 rations


   Skills:
 + Level 4.3 Fighting
 + Level 5.2 Armour
 + Level 2.0 Dodging
 + Level 0.1 Stealth
 + Level 4.4 Shields
 + Level 7.7 Unarmed Combat


You had 8 spell levels left.
You didn't know any spells.
Your spell library contained the following spells:

 Spells                   Type           Power        Failure   Level  Hunger
 Animate Skeleton         Necr           N/A          96%         1    ##.....
 Apportation              Tloc           #.....       96%         1    ##.....
 Confusing Touch          Hex            #.....       96%         1    ##.....
 Sandblast                Erth           #.....       96%         1    ##.....
 Summon Small Mammal      Summ           #...         96%         1    ##.....
 Passwall                 Tmut/Erth      #.......     99%         2    ###....
 Confuse                  Hex            #.......     100%        3    ####...
 Gell's Gravitas          Tloc           #.........   100%        3    ####...
 Stone Arrow              Conj/Erth      #.....       100%        3    ####...
 Petrify                  Tmut/Erth      #.......     100%        4    #####..
 Lee's Rapid Deconstruct  Erth           #.........   100%        5    ######.
 Metabolic Englaciation   Hex/Ice        #.........   100%        5    ######.
 Yara's Violent Unravell  Hex/Tmut       #.........   100%        5    ######.


Dungeon Overview and Level Annotations

Branches:
Dungeon (7/15)             Temple (0/1) D:4

Altars:
Dithmenos
Elyvilon
Gozag
Makhleb
Ru
Trog
Wu Jian
Zin

Shops:
D:5 !   D:6 *


Innate Abilities, Weirdness & Mutations

You have hooves in place of feet.
Armour fits poorly on your strangely shaped body.
You cover ground very quickly.
You have extremely tough skin. (AC +3)
You tend to lose your temper in combat.
Your body sometimes deteriorates upon taking damage.
You are frail. (-10% HP)
Your natural rate of healing is unusually fast.


Message History

You barely miss the hornet.
The hornet is moderately wounded.
You feel sick. You block the hornet's attack. The hornet stings you!
* * * LOW HITPOINT WARNING * * *
You feel as though you will be slow longer.
You punch the hornet!
The hornet is severely wounded.
You feel sick. The hornet stings you.
* * * LOW HITPOINT WARNING * * *
You suddenly lose the ability to move!
The hornet stings you.
* * * LOW HITPOINT WARNING * * *
You feel as though you will be slow longer.
You feel sick. The hornet stings you.
* * * LOW HITPOINT WARNING * * *
You feel as though you will be slow longer.
You can move again.
You closely miss the hornet.
The hornet is severely wounded.
The hornet stings you!
You die...

.......#.....# ..
.......#.#.### ##
.......#.._..# .#
..(....###.#.# .#
.......#.....# .#
.##.#..###.######.#####
..#.#.###...#..?......#
#...#.........# .
#...#...@.....# .
###...#...y.....# ..
#.....#.###...### ...
##.###.....#...#
...###......###.....#
........##..#####...#
..(.................#
...##.####.######...#
...#..# #.# #


You could see a hornet.

Vanquished Creatures
  Sigmund (D:3)
  Duvessa (D:6)
  2 black bears (D:6)
  A sky beast (D:5)
  2 centaurs
  2 ogres
  A bullfrog (D:6)
  Dowan (D:6)
  A water moccasin skeleton (D:5)
  4 wights (D:6)
  A howler monkey (D:4)
  3 crimson imps
  A quasit (D:6)
  2 hounds
  An orc priest (D:6)
  Crazy Yiuf (D:6)
  A gnoll shaman (D:7)
  2 jellies
  An orc wizard (D:6)
  2 bullfrog skeletons
  2 iguanas (D:6)
  5 worker ants
  7 gnolls
  5 adders
  An ooze (D:2)
  An adder skeleton (D:6)
  6 worms
  A dart slug (D:2)
  4 leopard geckos
  8 orcs
  3 giant cockroaches
  5 goblins
  5 hobgoblins
  4 jackals (D:6)
  4 kobolds
  5 quokkas
  5 bats
  8 frilled lizards
  A quokka skeleton (D:6)
  8 rats
119 creatures vanquished.

Notes
Turn   | Place    | Note
-------+----------+-------------------------------------------
     0 | D:1      | Divind the Centaur Fighter began the quest for the Orb.
     0 | D:1      | Reached XP level 1. HP: 19/19 MP: 1/1
   258 | D:1      | Reached XP level 2. HP: 20/26 MP: 2/2
   766 | D:2      | Found a sacrificial altar of Ru.
   910 | D:2      | Reached XP level 3. HP: 19/31 MP: 3/3
   977 | D:2      | Found a white marble altar of Elyvilon.
  1108 | D:2      | Found a shadowy altar of Dithmenos.
  1586 | D:3      | Reached XP level 4. HP: 27/38 MP: 4/4
  1975 | D:3      | Noticed Sigmund
  1999 | D:3      | Killed Sigmund
  1999 | D:3      | Reached skill level 1 in Dodging
  1999 | D:3      | Reached skill level 4 in Unarmed Combat
  1999 | D:3      | Reached XP level 5. HP: 4/45 MP: 5/5
  2034 | D:3      | Reached XP level 6. HP: 7/51 MP: 6/6
  2305 | D:3      | Found an ornate altar of the Wu Jian Council.
  2993 | D:4      | Found a staircase to the Ecumenical Temple.
  3018 | D:4      | HP: 2/51 [poisoned by a worker ant]
  3024 | D:4      | HP: 2/51 [poisoned by a worker ant]
  3029 | D:4      | HP: 1/51 [poisoned by a worker ant]
  3030 | D:5      | Entered Level 5 of the Dungeon
  3031 | D:5      | Gained mutation: Your body sometimes deteriorates upon
                  | taking damage. [potion of mutation]
  3031 | D:5      | Gained mutation: Your body often deteriorates upon taking
                  | damage. [potion of mutation]
  3031 | D:5      | Gained mutation: You are partially covered in iridescent
                  | scales. (AC +2) [potion of mutation]
  3760 | D:5      | Found Juseorehi's Distillery.
  3765 | D:5      | Reached skill level 5 in Unarmed Combat
  3772 | D:5      | Bought a potion of curing for 33 gold pieces
  3772 | D:5      | Bought a potion of curing for 33 gold pieces
  3772 | D:5      | Bought a potion of mutation for 88 gold pieces
  3772 | D:5      | Bought a potion of heal wounds for 55 gold pieces
  3772 | D:5      | Lost mutation: You are partially covered in iridescent
                  | scales. (AC +2) [potion of mutation]
  3772 | D:5      | Lost mutation: Your body often deteriorates upon taking
                  | damage. [potion of mutation]
  3772 | D:5      | Gained mutation: You are frail. (-10% HP) [potion of
                  | mutation]
  3772 | D:5      | Gained mutation: You tend to lose your temper in combat.
                  | [potion of mutation]
  3772 | D:5      | Gained mutation: Your natural rate of healing is unusually
                  | fast. [potion of mutation]
  3799 | D:5      | Reached XP level 7. HP: 51/51 MP: 5/7
  4135 | D:5      | Found a glowing silver altar of Zin.
  4135 | D:5      | Found a burning altar of Makhleb.
  4136 | D:5      | Noticed an Executioner
  4136 | D:5      | Noticed an angel
  4462 | D:6      | Reached skill level 6 in Unarmed Combat
  4549 | D:6      | Reached XP level 8. HP: 46/59 MP: 5/8
  5064 | D:6      | Found Sivvipev's Assorted Antiques.
  5078 | D:6      | Reached skill level 7 in Unarmed Combat
  5095 | D:6      | Found a bloodstained altar of Trog.
  5095 | D:6      | Noticed Dowan
  5095 | D:6      | Noticed Duvessa
  5118 | D:6      | Killed Duvessa
  5118 | D:6      | Reached skill level 5 in Armour
  5138 | D:6      | Killed Dowan
  5272 | D:6      | Found a runed translucent door.
  5273 | D:6      | Noticed Crazy Yiuf
  5277 | D:6      | Killed Crazy Yiuf
  5362 | D:7      | Reached XP level 9. HP: 59/64 MP: 7/9
  5433 | D:7      | Found an opulent altar of Gozag.
  5498 | D:7      | Paralysed by a hornet for 2 turns
  5500 | D:7      | Slain by a hornet

Levels and vault maps discovered:
D:1:      minmay_arrival_four_houses, layout_loops_ring
D:2:      layout_loops_ring, overflow_temple_1_default,
          nicolae_dithmenos_through_a_glass_darkly, elyvilon_altar_3
D:3:      layout_loops_ring, lemuel_coloured_pillars_altar, uniq_sigmund
D:4:      wad_pebble_path, layout_basic, minmay_temple_entry_tees
D:5:      layout_loops_cross, grunt_temple_overflow_order_and_chaos_2,
          first_ration, serial_shops, shop
D:6:      layout_basic, trog_ov_bears_minmay, serial_shops, nicolae_shop_trees,
          st_stairs_14, minmay_misc_feat_enclosed, minmay_bent, uniq_duvessa,
          uniq_crazy_yiuf_cottage
D:7:      layout_rooms, fedhas_altar_3,
          nicolae_gozag_cash_rules_everything_around_me, grunt_ogre_cave,
          uniq_pikel

Skill      XL: |  1  2  3  4  5  6  7  8 |
---------------+-------------------------+-----
Armour         | 3 4 5 |  5.2
Dodging        | 1 2 |  2.0
Unarmed Combat | 4 5 6 7 |  7.7
Shields        | 3 4 |  4.4
Fighting       | 4 |  4.3
Stealth        | |  0.1

Action                   |  1- 3 |  4- 6 |  7- 9 || total
-------------------------+-------+-------+-------++-------
Melee: Unarmed           |   178 |   113 |   239 ||   530
       Kick              |    29 |    28 |    63 ||   120
  Use: Scroll            |       |     4 |       ||     4
       Potion            |       |     2 |       ||     2
  Eat: Ration            |     1 |     1 |     2 ||     4
Armor: Scale mail        |    86 |    30 |    82 ||   198
Dodge: Dodged            |    34 |    15 |    48 ||    97
Block: Shield            |    60 |    30 |   113 ||   203
